Map: Abyssal Reef LE

Players

Maxilicious

  • Race: Terran Terran
  • Spawn Location: 11:00

A.I. 1 (Very Easy) - Winner!

  • Race: Protoss Protoss
  • Spawn Location: 5:00

VOD

Have the link to the VOD?

Description

Time

  • Played on: Oct. 5, 2017, 11:52 p.m.
  • Length: 7:23
Show
View Real Time Build Order
Export as new Build Order

Maxilicious Terran 

Build Orders: Reaper Expand 

Get SALT Encoding   

  12  0:00  SCV  
  13  0:13  SCV  
  14  0:17  Supply Depot  
  14  0:25  SCV  
  15  0:28  Refinery  
  15  0:39  SCV  
  16  0:46  Barracks  
  16  0:51  SCV  
  17  1:03  SCV  
  18  1:15  SCV  
  19  1:32  Orbital Command  
  19  1:33  Reaper  
  20  1:47  Command Center  
  20  1:58  SCV  
  21  2:02  Factory  
  21  2:06  Barracks Reactor  
  21  2:10  SCV  
  22  2:17  Supply Depot  
  22  2:20  Refinery  
  22  2:22  SCV  
  23  2:38  SCV  
  23  2:42  Marine  
  23  2:43  Marine  
  26  2:47  Starport  
  26  2:48  Widow Mine  
  28  2:54  SCV  
  29  2:59  Orbital Command  
  29  3:00  Marine  
  29  3:03  Marine  
  31  3:09  SCV  
  32  3:17  Cyclone  
  35  3:20  Marine  
  35  3:21  SCV  
  35  3:22  Marine  
  38  3:27  Medivac  
  38  3:30  SCV  
  41  3:35  Supply Depot  
  41  3:38  SCV  
  41  3:40  Marine x2  
  44  3:47  SCV  
  45  3:53  Factory Tech Lab  
  45  4:01  SCV x2  
  47  4:08  Starport Reactor  
  47  4:10  Barracks  
  47  4:11  Barracks, Barracks Tech Lab  
  47  4:12  Supply Depot  
  47  4:13  SCV x2  
  49  4:18  Siege Tank  
  52  4:28  Refinery, SCV x2  
  54  4:32  Engineering Bay  
  54  4:34  Stimpack, Marine  
  55  4:39  Supply Depot  
  55  4:40  SCV x2  
  57  4:52  SCV, Siege Tank  
  61  4:53  SCV  
  62  5:03  Marine x3, Starport Reactor  
  65  5:08  Supply Depot  
  65  5:09  Supply Depot, Marine x2  
  65  5:11  Terran Infantry Weapons Level 1  
  65  5:13  SCV x2  
  69  5:23  Marine  
  70  5:29  Marine x2, SCV x2  
  70  5:33  Supply Depot, Marine x2  
  76  5:40  Supply Depot  
  76  5:41  Marine, Medivac x2, SCV x2  
  82  5:50  Siege Tank  
  82  5:53  Supply Depot, SCV  
  82  5:55  Marine x3, SCV  
  82  5:56  Marine  
  91  6:00  Marine  
  92  6:05  SCV  
  92  6:07  SCV  
  92  6:10  Supply Depot  
  94  6:19  Marine x4  
  94  6:20  Marine  
  94  6:21  Medivac x2  
  94  6:25  SCV x2  
  105  6:32  Supply Depot  
  105  6:34  Command Center  
  105  6:38  Marine x4  
  109  6:40  SCV  
  109  6:41  SCV  
  109  6:45  Supply Depot  
  111  6:47  Refinery  
  111  6:50  Marine  
  111  6:52  SCV  
  111  6:53  SCV  
  114  6:56  Marine x2  
  114  6:58  Marine  
  114  6:59  Marine  
  118  7:09  Barracks  
  118  7:12  Barracks  
Show
View Real Time Build Order
Export as new Build Order

A.I. 1 (Very Easy) Protoss - Winner!

Build Orders:  

Get SALT Encoding   

  12  0:01  Probe (Chrono Boost)  
  13  0:11  Probe (Chrono Boost)  
  14  0:20  Pylon  
  14  0:37  Assimilator  
  14  0:43  Gateway  
  14  0:47  Pylon  
  14  1:13  Assimilator  
  14  1:21  Probe (Chrono Boost)  
  15  1:32  Probe (Chrono Boost)  
  16  1:34  Cybernetics Core  
  16  1:42  Probe (Chrono Boost)  
  17  1:53  Probe (Chrono Boost)  
  18  1:59  Warp Gate  
  18  2:04  Probe (Chrono Boost)  
  19  2:10  Stalker  
  19  2:15  Probe (Chrono Boost)  
  22  5:33  Zealot  
  22  5:35  Pylon  
  25  5:36  Probe (Chrono Boost)  
  25  5:37  Robotics Facility  
  25  5:47  Probe (Chrono Boost)  
  26  5:55  Nexus  
  26  5:57  Probe (Chrono Boost)  
  27  6:08  Probe (Chrono Boost)  
  26  6:14  Pylon  
  26  6:19  Probe (Chrono Boost)  
  26  6:23  Observer  
  28  6:27  Zealot  
  28  6:31  Probe (Chrono Boost)  
  31  6:42  Observer  
  33  7:09  Probe (Chrono Boost)  
  33  7:12  Zealot  
  36  7:19  Assimilator  
Tags
 
Add a new tag
Caveats
  • Supply blocks, unpowered buildings, or Contaminate may cause inaccurate times.
  • Supply counts are checked every 10 seconds.